 Dungeon Crawl Stone Soup version 0.27-a0-1219-g958d993ae5 (webtiles) character file.

Game seed: 12901948923024944480

3535 freelancePsychic the Geomancer (level 10, 0/64 HPs)
             Began as a Gargoyle Earth Elementalist on June 6, 2021.
             Was an Initiate of Vehumet.
             Slain by a vampire mosquito (4 damage)
             ... on level 7 of the Dungeon.
             The game lasted 00:20:40 (9490 turns).

freelancePsychic the Geomancer (GrEE)               Turns: 9490, Time: 00:20:41

Health: 0/64       AC: 14    Str: 13    XL:     10   Next: 8%
Magic:  10/14      EV: 11    Int: 25    God:    Vehumet [......]
Gold:   324        SH:  0    Dex: 10    Spells: 4/15 levels left

rFire    + . .     SeeInvis .   u - +6 lajatang of Massacring {vorpal, Will- Int+7}
rCold    . . .     Faith    .   (shield currently unavailable)
rNeg     + . .     Spirit   .   v - +1 leather armour {rF+}
rPois    ∞         Reflect  .   (no helmet)
rElec    +         Harm     .   (no cloak)
rCorr    .         Rampage  .   e - +2 pair of gloves
Will     .....                  (no boots)
Stlth    ++........             (no amulet)
HPRegen  0.20/turn              (no ring)
MPRegen  0.14/turn              (no ring)

@: very slightly contaminated
A: sickness immunity, AC +7, negative energy resistance 1, electricity
resistance, torment resistance 1, petrification resistance
a: Renounce Religion


You were on level 7 of the Dungeon.
You worshipped Vehumet.
Vehumet was noncommittal.
You visited 2 branches of the dungeon, and saw 9 of its levels.
You also visited: Sewer.

You collected 324 gold pieces.

Inventory:

Hand Weapons
 a - a +0 dagger of chaos
 u - the +6 lajatang of Massacring (weapon) {vorpal, Will- Int+7}
   (You acquired it on level 4 of the Dungeon)

   It inflicts extra damage upon your enemies.
   It affects your intelligence (+7).
   It decreases your willpower.
Missiles
 b - 130 stones
 h - 43 poisoned darts
 o - 2 curare-tipped darts
 A - a throwing net
Armour
 e - a +2 pair of gloves (worn)
 v - a +1 leather armour of fire resistance (worn)
Wands
 j - a wand of charming (14)
 n - a wand of polymorph (7)
 p - a wand of acid (7)
 D - a wand of flame (9)
 F - a wand of paralysis (8)
Scrolls
 d - 2 scrolls of amnesia
 f - a scroll of enchant weapon
 s - 2 scrolls of noise
 w - 2 scrolls of summoning {unknown}
 x - 2 scrolls of enchant armour
 y - a scroll of identify {@r1}
 z - a scroll of blinking {unknown}
 B - 3 scrolls of teleportation {@r4}
 C - 2 scrolls of fog
Potions
 g - a potion of magic
 k - a potion of resistance {unknown}
 l - a potion of flight {unknown}
 m - a potion of might {unknown}
 q - a potion of haste {unknown}
 r - 2 potions of brilliance
 t - a potion of attraction {unknown}


   Skills:
 + Level 8.2 Fighting
 + Level 6.5 Staves
 + Level 1.0 Armour
 - Level 1.5 Dodging
 - Level 2.1 Stealth
 - Level 3.0 Spellcasting
 - Level 4.4 Conjurations
 - Level 0.7 Transmutations
 - Level 10.5 Earth Magic


You had 4 spell levels left.
You knew the following spells:

 Your Spells              Type           Power      Damage    Failure   Level
a - Sandblast             Erth           100%       2d20      1%          1
b - Stone Arrow           Conj/Erth      82%        3d12      1%          3
c - Passwall              Tmut/Erth      26%        N/A       1%          2
d - Lee's Rapid Deconstr  Erth           27%        3d15*     4%          5

Your spell library contained the following spells:

 Spells                   Type           Power      Damage    Failure   Level
 Animate Skeleton         Necr           6%         N/A       13%         1
 Pain                     Necr           12%        1d4       13%         1
 Petrify                  Tmut/Erth      32%        N/A       13%         4
 Vampiric Draining        Necr           1%         2d6       36%         3
 Animate Dead             Necr           1%         N/A       77%         4
 Agony                    Necr           3%         N/A       98%         5


Dungeon Overview and Level Annotations

Branches:
Dungeon (8/15)             Temple (1/1) D:7           Sewer (visited)
   Lair: D:8-11

Altars:
Ashenzari
Cheibriados
Elyvilon
Fedhas
Gozag
Hepliaklqana
Kikubaaqudgha
Makhleb
Nemelex Xobeh
Okawaru
Ru
Sif Muna
Trog
Uskayaw
Vehumet
Wu Jian
Xom
Yredelemnul
Zin
The Shining One


Innate Abilities, Weirdness & Mutations

You are immune to sickness and miasma.
Your stone body is resilient. (AC +7)
You are immune to poison.
You resist negative energy. (rN+)
You are resistant to electric shocks. (rElec)
You are resistant to unholy torment.
You are immune to petrification.


Message History

The vampire mosquito bites you but does no damage.
The vampire mosquito bites you!
* * * LOW HITPOINT WARNING * * *
The vampire mosquito bites you.
* * * LOW HITPOINT WARNING * * *
The vampire mosquito bites you but does no damage.
You closely miss the vampire mosquito.
The vampire mosquito is almost destroyed.
The vampire mosquito bites you but does no damage.
The vampire mosquito bites you.
* * * LOW HITPOINT WARNING * * *
The vampire mosquito bites you but does no damage.
The vampire mosquito misses you.
You feel much better. The vampire mosquito bites you!
The vampire mosquito bites you.
* * * LOW HITPOINT WARNING * * *
The vampire mosquito bites you but does no damage.
The vampire mosquito bites you.
* * * LOW HITPOINT WARNING * * *
Okay, then.
Magic courses through your body.
The vampire mosquito bites you but does no damage. x2
The vampire mosquito bites you!
* * * LOW HITPOINT WARNING * * *
The vampire mosquito barely misses you.
Casting: Lee's Rapid Deconstruction (dangerous; 4% risk of failure)
Confirm with . or Enter, or press ? or * to list all spells.
Aiming: Lee's Rapid Deconstruction (dangerous; 4% risk of failure)
Press: ? - help, Dir - move target A rock wall.
The wall shatters!
The blast of rock fragments hits the vampire mosquito!
You destroy the vampire mosquito!
Vehumet accepts your kill.
The vampire mosquito bites you but does no damage.
The vampire mosquito bites you.
* * * LOW HITPOINT WARNING * * *
Your Armour skill increases to level 1!
The vampire mosquito bites you.
You die...

#.#.....#..# #..#.....
#.#.....#..# ####.#.....#
#.#.._..'..# #...........
#.#.....#..# #.###.....#.
#.#.....#..# #)#####...#.
#.#######..# #.##..###...
##..........# ###(.....####.
#....##.#.#.###......####.##
#....##....@y...>...####..#
##...########.......###..##
#...# ##......>.....##
##..######...........).#
#.....................##
############..........#
###......### ####...##
###..#


You could see a vampire mosquito.

Vanquished Creatures
  Maggie (D:7)
  Eustachio (D:4)
  3 vampire mosquitoes (D:7)
  2 steam dragons (D:7)
  2 water moccasins (D:7)
  Duvessa (D:6)
  A black bear (D:5)
  2 orc warriors (D:7)
  2 ice beasts
  A necrophage (D:3)
  An ogre (D:4)
  A centaur (D:7)
  A phantom (D:5)
  3 kobold brigands (Sewer)
  3 bullfrogs
  2 scorpions
  Dowan (D:6)
  3 howler monkeys (D:7)
  A centaur zombie (D:5)
  A bullfrog zombie (D:5)
  A hound (D:3)
  A jelly (D:5)
  2 orc priests
  A gnoll shaman (D:4)
  Jessica (D:2)
  2 iguanas
  4 orc wizards
  2 killer bee zombies
  3 gnolls (D:4)
  A howler monkey skeleton (D:5)
  5 adders
  A river rat (Sewer)
  A white imp (D:6)
  An ufetubus (D:6)
  4 worms
  2 dart slugs
  17 orcs
  10 ball pythons
  9 endoplasms
  6 giant cockroaches
  5 goblins
  2 hobgoblins
  11 jackals
  3 quokkas
  7 bats
  4 frilled lizards
  10 kobolds
  12 rats
161 creatures vanquished.

Vanquished Creatures (others)
  An orc wizard (D:7)
  2 plants (D:3)
3 creatures vanquished.

Grand Total: 164 creatures vanquished

Notes
Turn   | Place    | Note
-------+----------+-------------------------------------------
     0 | D:1      | freelancePsychic the Gargoyle Earth Elementalist began the
                  | quest for the Orb.
     0 | D:1      | Reached XP level 1. HP: 10/10 MP: 3/3
   161 | D:1      | Reached XP level 2. HP: 15/15 MP: 3/5
   168 | D:1      | Reached skill level 1 in Conjurations
   450 | D:1      | Reached skill level 4 in Earth Magic
   825 | D:2      | Found a faded altar of an unknown god.
   964 | D:2      | Reached XP level 3. HP: 19/19 MP: 4/6
  1314 | D:2      | Learned a level 3 spell: Stone Arrow
  1442 | D:2      | Reached XP level 4. HP: 24/24 MP: 6/8
  1789 | D:2      | Noticed Jessica
  1799 | D:2      | Killed Jessica
  2172 | D:3      | Found a glowing drain.
  2189 | Sewer    | Entered a sewer
  2518 | Sewer    | Reached XP level 5. HP: 20/28 MP: 6/9
  2796 | Sewer    | Reached skill level 5 in Earth Magic
  2854 | Sewer    | Noticed a kobold brigand
  2869 | Sewer    | Killed a kobold brigand
  3107 | Sewer    | Noticed a kobold brigand
  3108 | Sewer    | Noticed a kobold brigand
  3112 | Sewer    | Killed a kobold brigand
  3113 | Sewer    | Reached XP level 6. HP: 32/32 MP: 3/10
  3121 | Sewer    | Reached skill level 6 in Earth Magic
  4189 | D:4      | Reached skill level 1 in Fighting
  4278 | D:4      | Reached XP level 7. HP: 40/40 MP: 1/11
  4479 | D:3      | Reached skill level 7 in Earth Magic
  5026 | D:4      | Found an iron altar of Okawaru.
  5272 | D:4      | Identified a scroll of acquirement
  5272 | D:4      | Acquired the +6 lajatang of Massacring {vorpal, Will-
                  | Int+7}
  5346 | D:4      | Found a large runed translucent door.
  5346 | D:4      | Found a large runed translucent door.
  5357 | D:4      | Noticed Eustachio
  5361 | D:4      | Killed Eustachio
  5362 | D:4      | Reached skill level 1 in Staves
  5362 | D:4      | Reached XP level 8. HP: 48/48 MP: 5/12
  5574 | D:4      | Found a hide-covered altar of Uskayaw.
  5590 | D:4      | Found a burning altar of Makhleb.
  5598 | D:4      | Learned a level 2 spell: Passwall
  5636 | D:5      | Entered Level 5 of the Dungeon
  6072 | D:5      | Reached skill level 8 in Earth Magic
  6433 | D:6      | Noticed Duvessa
  6433 | D:6      | Noticed Dowan
  6435 | D:6      | Killed Dowan
  6436 | D:6      | Reached skill level 5 in Fighting
  6643 | D:6      | Killed Duvessa
  7123 | D:7      | Noticed Maggie
  7167 | D:7      | Reached skill level 9 in Earth Magic
  7167 | D:7      | Reached XP level 9. HP: 30/55 MP: 9/13
  7352 | D:7      | Found a basalt altar of Yredelemnul.
  7685 | D:7      | Reached skill level 5 in Staves
  8026 | D:7      | Reached skill level 10 in Earth Magic
  8256 | D:7      | Learned a level 5 spell: Lee's Rapid Deconstruction
  8489 | D:7      | Found a staircase to the Ecumenical Temple.
  8495 | Temple   | Entered the Ecumenical Temple
  8735 | Temple   | Became a worshipper of Vehumet
  8774 | D:7      | Killed Maggie
  8775 | D:7      | Reached XP level 10. HP: 43/64 MP: 3/14
  9490 | D:7      | Reached skill level 1 in Armour
  9490 | D:7      | Slain by a vampire mosquito

Illustrated notes

Levels and vault maps discovered:
D:1:      lemuel_arrival_behind_the_door_small, layout_basic, patterned_corridor
D:2:      minmay_spotlight, layout_basic, serial_curves, eino_curves_03,
          eino_curves_03, hellmonk_ecumenical_altar_lost_god,
          grunt_ministairs_15, kennysheep_jessica_study
D:3:      cheibrodos_old_hovel, layout_loops_ring, cheibrodos_sewer_entry_sluice
D:4:      layout_rooms, lemuel_coloured_pillars_altar, jmf_multi_god_temple2,
          uniq_eustachio
D:5:      layout_loops_cross, hangedman_abyss_or_decor_lesser_grid
D:6:      layout_basic, uniq_duvessa
D:7:      minmay_skewed_foursquare, layout_cave_pods, amcnicky_altar_gilded,
          minmay_temple_entry_ruins, uniq_maggie
D:8:      minmay_octagon_keep, layout_basic, amcnicky_mini_pool_small
Temple:   regret_index_temple_sphere_string

Skill      XL: |  1  2  3  4  5  6  7  8  9 10 |
---------------+-------------------------------+-----
Conjurations   | 1 2 4 |  4.4
Earth Magic    | 4 5 6 7 9 10 | 10.5
Spellcasting   | 3 |  3.0
Fighting       | 2 4 6 7 8 |  8.2
Staves         | 1 4 6 |  6.5
Armour         | 1 |  1.0
Dodging        | |  1.5
Stealth        | |  2.1
Transmutations | |  0.7

Action                   |  1- 3 |  4- 6 |  7- 9 | 10-12 || total
-------------------------+-------+-------+-------+-------++-------
Melee: Dagger            |    40 |    74 |    25 |       ||   139
       Lajatang          |       |       |   102 |     5 ||   107
Throw: Dart              |     7 |       |       |       ||     7
       Stone             |     1 |       |       |       ||     1
 Cast: Sandblast         |    29 |    75 |       |       ||   104
       Stone Arrow       |       |     7 |    72 |       ||    79
       Lee's Rapid Decon |       |       |     2 |     4 ||     6
       Passwall          |       |       |     2 |       ||     2
  Use: Scroll            |     2 |     5 |     9 |       ||    16
       Potion            |       |       |     3 |     4 ||     7
 Stab: Sleeping          |     2 |     2 |     2 |       ||     6
Armor: Robe              |    17 |    44 |    33 |       ||    94
       Leather armour    |       |       |    47 |    20 ||    67
Dodge: Dodged            |    27 |    58 |   114 |    18 ||   217

Table legend: (Time is in decaauts)
 A = Elapsed time spent in this place.
 B = Non-inter-level travel time spent in this place.
 C = Inter-level travel time spent in this place.
 D = Time resting spent in this place.
 E = Time spent auto-exploring this place.
 F = Levels seen in this place.
 G = Mean time per level.
                   A        B        C        D        E       F      G
               +--------+--------+--------+--------+--------+-----+--------+
         Total |   9588 |   9284 |    304 |   1123 |   6805 |  10 |  958.8 |
       Dungeon |   8131 |   7852 |    279 |    991 |   5752 |   8 | 1016.4 |
        Temple |    371 |    346 |     25 |    100 |    154 |   1 |  371.0 |
         Sewer |   1086 |   1086 |      0 |     32 |    898 |   1 | 1086.0 |
               +--------+--------+--------+--------+--------+-----+--------+

Top non-repeatable levels by time:
     D:7: 2103 daAuts
     D:3: 1428 daAuts
     D:2: 1341 daAuts
   Sewer: 1086 daAuts
     D:4: 1047 daAuts
     D:5: 830 daAuts
     D:1: 810 daAuts
     D:6: 562 daAuts
  Temple: 371 daAuts
     D:8: 7 daAuts
